 Dungeon Crawl Stone Soup version 0.23-a0-398-g8eab93fbe2 (webtiles) character file.

14436 Junicave the Cruncher (level 12, -4/103 HPs)
             Began as a Gnoll Wanderer on Nov 3, 2018.
             Was an Elder of Kikubaaqudgha.
             Killed from afar by a guardian serpent (19 damage)
             ... with a bolt of poison
             ... on level 2 of the Abyss.
             The game lasted 01:33:02 (16927 turns).

Junicave the Cruncher (Gnoll Wanderer)             Turns: 16927, Time: 01:33:04

Health: -4/103     AC: 25    Str: 15    XL:     12   Next: 16%
Magic:  0/22       EV: 10    Int: 18    God:    Kikubaaqudgha [****..]
Gold:   741        SH:  0    Dex: 16    Spells: 19/24 levels left

rFire    . . .     SeeInvis +   J - +3 flail (protect)
rCold    + + +     Gourm    .   (no shield)
rNeg     + . .     Faith    .   B - +0 chain mail
rPois    .         Spirit   +   l - +1 helmet of Trog {rN+}
rElec    .         Reflect  .   (no cloak)
rCorr    .         Harm     .   k - +1 pair of gloves
MR       .....                  X - +0 pair of boots
Stlth    ++........             e - amulet "Maemuv" {Spirit rC+++ MR- MP-9 Stlth+}
HPRegen  0.27/turn              u - ring of magical power
MPRegen  0.18/turn              H - ring of see invisible

@: lethally poisoned (-4 -> -11), protection aura
A: distributed training, fangs 1, thin metallic scales 1, magic resistance 1,
robust 1, strong nose
a: Receive Corpses, Renounce Religion


You were on level 2 of the Abyss.
You worshipped Kikubaaqudgha.
Kikubaaqudgha was greatly pleased with you.
You were not hungry.

You visited 3 branches of the dungeon, and saw 14 of its levels.
You visited the Abyss 1 time.

You collected 741 gold pieces.

Inventory:

Hand Weapons
 b - a +2 blowgun
 r - a +3 long sword
 v - a +2 trident of venom
 y - a +1 dagger of flaming
 z - a +2 whip of pain
 E - a +3 battleaxe
 J - a +3 flail of protection (weapon)
 P - a +2 whip of electrocution
 R - a +2 mace of crushing
 Z - the +6 dagger of Suitat {drain, rF- MR+ SInv Stlth+}
   (You found it on level 6 of the Dungeon)

   A truly terrible weapon, it drains the life of those it strikes.
   It makes you vulnerable to fire.
   It affects your resistance to hostile enchantments.
   It lets you see invisible.
   It makes you more stealthy.
Missiles
 a - 9 curare-tipped needles
 m - 260 stones (quivered)
 F - 15 poisoned needles
 V - 3 tomahawks of returning
Armour
 k - a +1 pair of gloves (worn)
 l - the +1 helmet of Trog (worn) {rN+}
   (You found it on level 7 of the Dungeon)

   It protects you from negative energy.
 o - a +0 troll leather armour
 q - a +0 ring mail
 w - a +2 animal skin
 B - a +0 chain mail (worn)
 X - a +0 pair of boots (worn)
Jewellery
 e - the amulet "Maemuv" (around neck) {Spirit rC+++ MR- MP-9 Stlth+}
   (You found it on level 8 of the Dungeon)

   [amulet of guardian spirit]

   It causes incoming damage to be split between your health and magic.
   It renders you almost immune to cold.
   It affects your resistance to hostile enchantments.
   It affects your magic capacity (-9).
   It makes you more stealthy.
 u - a ring of magical power (left hand)
 G - an uncursed ring of flight
 H - a ring of see invisible (right hand)
 K - an uncursed amulet of regeneration
 Q - an uncursed amulet of faith
Wands
 s - a wand of flame (1)
 D - a wand of polymorph (13)
 L - a wand of digging (9)
 O - a wand of iceblast (6)
 S - a wand of scattershot (4)
 Y - a wand of acid (9)
Scrolls
 c - 5 scrolls of identify
 n - a scroll of holy word
 p - 9 scrolls of teleportation
 t - a scroll of enchant weapon
 x - a scroll of magic mapping
 I - 3 scrolls of blinking
 N - 3 scrolls of remove curse
 T - a scroll of enchant armour
 U - a scroll of amnesia
Potions
 d - 4 potions of lignification
 g - 2 potions of curing
 h - a potion of degeneration
 i - a potion of heal wounds {unknown}
 j - 2 potions of brilliance
 A - a potion of agility
 C - 2 potions of haste
 M - 3 potions of might
 W - a potion of invisibility
Comestibles
 f - 19 rations


   Skills:
 + Level 8.4 Fighting
 + Level 6.9 Short Blades
 + Level 6.9 Long Blades
 + Level 6.9 Axes
 + Level 6.9 Maces & Flails
 + Level 6.9 Polearms
 + Level 9.6 Staves
 + Level 6.9 Slings
 + Level 6.9 Bows
 + Level 6.9 Crossbows
 + Level 7.4 Throwing
 + Level 6.9 Armour
 + Level 7.4 Dodging
 + Level 7.3 Stealth
 + Level 6.9 Shields
 + Level 7.4 Unarmed Combat
 + Level 6.9 Spellcasting
 + Level 5.7 Conjurations
 + Level 5.7 Hexes
 + Level 5.7 Charms
 + Level 5.7 Summonings
 + Level 5.7 Necromancy
 + Level 5.7 Translocations
 + Level 5.7 Transmutations
 + Level 5.7 Fire Magic
 + Level 5.7 Ice Magic
 + Level 5.7 Air Magic
 + Level 5.7 Earth Magic
 + Level 5.7 Poison Magic
 + Level 7.5 Invocations
 + Level 7.4 Evocations


You had 19 spell levels left.
You knew the following spells:

 Your Spells              Type           Power        Failure   Level  Hunger
a - Pain                  Necr           ####         16%         1    None
b - Animate Skeleton      Necr           N/A          16%         1    None
c - Vampiric Draining     Necr           ####......   43%         3    ##.....

Your spell library contained the following spells:

 Spells                   Type           Power        Failure   Level  Hunger
 Apportation              Tloc           ####..       16%         1    None
 Confusing Touch          Hex            ####..       16%         1    None
 Summon Small Mammal      Summ           ####         16%         1    None
 Sublimation of Blood     Necr           ####......   24%         2    None
 Confuse                  Hex            ####....     43%         3    ##.....
 Gell's Gravitas          Tloc           ####......   43%         3    ##.....
 Animate Dead             Necr           N/A          85%         4    ####...
 Petrify                  Tmut/Erth      ####....     85%         4    ####...
 Borgnjor's Vile Clutch   Necr/Erth      ####......   99%         5    #####..
 Dispel Undead            Necr           ####....     99%         5    #####..
 Metabolic Englaciation   Hex/Ice        ####......   99%         5    #####..
 Yara's Violent Unravell  Hex/Tmut       ####......   99%         5    #####..
 Death Channel            Necr           ####......   100%        6    #######
 Simulacrum               Ice/Necr       ####......   100%        6    #######


Dungeon Overview and Level Annotations

Branches:
Dungeon (11/15)            Temple (1/1) D:7            Lair (2/6) D:8
  Swamp: Lair:2-4    Shoals: Lair:2-4     Snake: Lair:2-4    Spider: Lair:2-4
    Orc: D:9-12

Altars:
Ashenzari
Cheibriados
Dithmenos
Elyvilon
Fedhas
Gozag
Hepliaklqana
Kikubaaqudgha
Makhleb
Nemelex Xobeh
Okawaru
Qazlal
Ru
Sif Muna
Trog
Uskayaw
Vehumet
Wu Jian
Xom
Yredelemnul
Zin
The Shining One

Portals:
Ice
Cave: D:11

Annotations:
D:11 Sonja


Innate Abilities, Weirdness & Mutations

Your experience applies equally to all skills.
You have very sharp teeth.
Your uncanny sense of smell can sniff out nearby items.
You are partially covered in thin metallic scales. (AC +2)
You are resistant to hostile enchantments. (MR+)
You are robust. (+10% HP)


Message History

The ynoxinul gestures.
The small abomination hits you.
The small abomination hits you but does no damage.
The ynoxinul gestures.
You barely miss the small abomination.
The small abomination hits you but does no damage. x2
You sock the small abomination! Your bite misses the small abomination.
The small abomination is moderately damaged.
The small abomination hits you!
* * * LOW HITPOINT WARNING * * *
The small abomination hits you but does no damage.
The guardian serpent casts a spell at you.
The bolt of poison hits the naga warrior.
The naga warrior is poisoned.
The bolt of poison hits the small abomination.
The small abomination completely resists.
The bolt of poison hits you!
You are poisoned.
You die...
Kikubaaqudgha rasps: "You have failed me!
Welcome... death!"

...# # . . #..#
#### . . #..###
#..# .#.# .
.#####...### #N.#.
#
#..#.#....###N...#
...4.3
#..#.##.)#SN.# ...
.#.#.###..#4N#
##.#.##x###..##x##
## ##.#5.#5x@# #
#.. 3.#5###∆
##.5#.5 . ∆
###.5..## ...# ##
.##.. .. ##..


You could see a naga warrior, a hellwing, a guardian serpent, 2 nagas, 2 small
abominations and 4 ufetubi.

Vanquished Creatures
  A fire dragon (D:8)
  A two-headed ogre (D:8)
  Pikel (D:4)
  A black mamba (Lair:1)
  5 trolls
  6 hippogriffs
  Prince Ribbit (D:7)
  20 yaks
  A fire elemental (Lair:1)
  Menkaure (D:5)
  Edmund (D:3)
  Duvessa (D:4)
  4 porcupines (Lair:1)
  2 orc warriors
  4 ice beasts (D:11)
  A hornet zombie (D:5)
  2 black bears
  2 necrophages
  2 sky beasts
  2 phantoms
  9 ogres
  3 centaurs
  4 crocodiles
  A wyvern zombie (D:10)
  3 bullfrogs
  A wyvern skeleton (D:9)
  4 scorpions
  Dowan (D:4)
  9 killer bees
  4 howler monkeys
  An electric eel (Lair:1)
  5 crimson imps
  A quasit (D:11)
  A bullfrog zombie (D:5)
  9 hounds
  3 jellies
  5 orc priests
  5 bullfrog skeletons
  6 orc wizards
  Ijyb (D:5)
  2 centaur skeletons
  Terence (D:2)
  An iguana (D:7)
  Natasha (D:2)
  12 worker ants
  2 hound skeletons (D:4)
  A hound zombie (D:9)
  A worker ant zombie (D:10)
  2 howler monkey zombies
  Robin (D:2)
  A gnoll (D:8)
  15 adders
  3 shadow imps
  An adder zombie (D:7)
  2 worms (D:2)
  A leopard gecko (D:7)
  38 orcs
  13 bats
  5 giant cockroaches
  11 goblins
  11 hobgoblins
  6 jackals (D:2)
  6 quokkas
  A ball python (D:5)
  7 frilled lizards
  9 kobolds
  10 rats
299 creatures vanquished.

Vanquished Creatures (collateral kills)
  A spiny frog (Lair:1)
  A komodo dragon (Lair:1)
  3 yaks (Lair:1)
  2 big kobolds (D:8)
  A howler monkey (D:8)
  2 gnolls (D:8)
  7 kobolds (D:8)
17 creatures vanquished.

Vanquished Creatures (others)
  4 fungi
4 creatures vanquished.

Grand Total: 320 creatures vanquished

Notes
Turn   | Place    | Note
-------+----------+-------------------------------------------
     0 | D:1      | Junicave the Gnoll Wanderer began the quest for the Orb.
     0 | D:1      | Junicave set off with the following items: 4 curare-tipped
                  | needles, a +2 blowgun, a +0 quarterstaff, a potion of
                  | lignification, a +0 robe, a ration
     0 | D:1      | Reached XP level 1. HP: 20/20 MP: 2/2
   277 | D:1      | Reached XP level 2. HP: 26/26 MP: 3/3
   899 | D:1      | Reached XP level 3. HP: 31/31 MP: 4/4
  1197 | D:2      | Noticed Terence
  1198 | D:2      | Noticed Natasha
  1234 | D:2      | Killed Terence
  1234 | D:2      | Reached skill level 1 in Short Blades
  1234 | D:2      | Reached skill level 1 in Long Blades
  1234 | D:2      | Reached skill level 1 in Axes
  1234 | D:2      | Reached skill level 1 in Maces & Flails
  1234 | D:2      | Reached skill level 1 in Polearms
  1234 | D:2      | Reached skill level 1 in Slings
  1234 | D:2      | Reached skill level 1 in Bows
  1234 | D:2      | Reached skill level 1 in Crossbows
  1234 | D:2      | Reached skill level 1 in Armour
  1234 | D:2      | Reached skill level 1 in Shields
  1234 | D:2      | Reached skill level 1 in Spellcasting
  1234 | D:2      | Reached skill level 1 in Invocations
  1443 | D:2      | Reached XP level 4. HP: 27/38 MP: 6/6
  1640 | D:2      | Noticed Robin
  1664 | D:2      | Killed Robin
  1795 | D:2      | Reached skill level 1 in Conjurations
  1795 | D:2      | Reached skill level 1 in Hexes
  1795 | D:2      | Reached skill level 1 in Charms
  1795 | D:2      | Reached skill level 1 in Summonings
  1795 | D:2      | Reached skill level 1 in Necromancy
  1795 | D:2      | Reached skill level 1 in Translocations
  1795 | D:2      | Reached skill level 1 in Transmutations
  1795 | D:2      | Reached skill level 1 in Fire Magic
  1795 | D:2      | Reached skill level 1 in Ice Magic
  1795 | D:2      | Reached skill level 1 in Air Magic
  1795 | D:2      | Reached skill level 1 in Earth Magic
  1795 | D:2      | Reached skill level 1 in Poison Magic
  2280 | D:2      | Reached XP level 5. HP: 37/43 MP: 7/7
  2288 | D:2      | Found a faded altar of an unknown god.
  2301 | D:2      | Became a worshipper of Kikubaaqudgha
  2301 | D:2      | Reached * piety under Kikubaaqudgha
  2301 | D:2      | Identified Kikubaaqudgha's Papyrus of Darkness
                  | (Kikubaaqudgha gifted it to you on level 2 of the Dungeon)
  2301 | D:2      | Received a gift from Kikubaaqudgha
  2305 | D:2      | Learned a level 1 spell: Pain
  2307 | D:2      | Learned a level 1 spell: Animate Skeleton
  2311 | D:2      | Learned a level 3 spell: Vampiric Draining
  2644 | D:2      | Killed Natasha
  2657 | D:2      | Reached XP level 6. HP: 32/50 MP: 8/8
  2847 | D:2      | Reached skill level 5 in Fighting
  3128 | D:3      | Reached ** piety under Kikubaaqudgha
  3829 | D:4      | Reached XP level 7. HP: 52/56 MP: 10/10
  3851 | D:4      | Reached skill level 7 in Staves
  3985 | D:4      | Noticed Edmund
  4019 | D:3      | Killed Edmund
  4192 | D:4      | Noticed Dowan
  4197 | D:4      | Noticed Duvessa
  4480 | D:4      | Killed Dowan
  4483 | D:4      | Killed Duvessa
  4483 | D:4      | Reached XP level 8. HP: 54/63 MP: 12/12
  4608 | D:4      | Noticed Pikel
  4620 | D:4      | Killed Pikel
  4845 | D:5      | Entered Level 5 of the Dungeon
  4863 | D:5      | Noticed Menkaure
  4878 | D:5      | Killed Menkaure
  5098 | D:5      | Reached XP level 9. HP: 64/68 MP: 14/14
  5170 | D:5      | Noticed Ijyb
  5203 | D:5      | Killed Ijyb
  5913 | D:6      | Reached skill level 5 in Throwing
  5913 | D:6      | Reached skill level 5 in Dodging
  5913 | D:6      | Reached skill level 5 in Unarmed Combat
  5913 | D:6      | Reached skill level 5 in Evocations
  5982 | D:6      | Reached skill level 5 in Stealth
  6162 | D:6      | Reached skill level 8 in Staves
  6357 | D:6      | Got a warped dagger
  6429 | D:6      | Reached skill level 5 in Invocations
  6896 | D:7      | Reached XP level 10. HP: 34/76 MP: 17/17
  7241 | D:6      | Identified the +6 dagger of Suitat {drain, rF- MR+ SInv
                  | Stlth+} (You found it on level 6 of the Dungeon)
  7518 | D:7      | Noticed Prince Ribbit
  7662 | D:7      | Reached skill level 5 in Short Blades
  7662 | D:7      | Reached skill level 5 in Long Blades
  7662 | D:7      | Reached skill level 5 in Axes
  7662 | D:7      | Reached skill level 5 in Maces & Flails
  7662 | D:7      | Reached skill level 5 in Polearms
  7662 | D:7      | Reached skill level 5 in Slings
  7662 | D:7      | Reached skill level 5 in Bows
  7662 | D:7      | Reached skill level 5 in Crossbows
  7662 | D:7      | Reached skill level 5 in Armour
  7662 | D:7      | Reached skill level 5 in Shields
  7662 | D:7      | Reached skill level 5 in Spellcasting
  7738 | D:7      | Got an ancient helmet
  7749 | D:7      | Identified the +1 helmet of Trog {rN+} (You found it on
                  | level 7 of the Dungeon)
  8047 | D:7      | Killed Prince Ribbit
  8996 | D:7      | Found a staircase to the Ecumenical Temple.
  9003 | Temple   | Entered the Ecumenical Temple
 10021 | D:8      | Got a sparkling brass amulet
 10022 | D:8      | Identified the amulet "Maemuv" {Spirit rC+++ MR- MP-9
                  | Stlth+} (You found it on level 8 of the Dungeon)
 10057 | D:8      | Reached *** piety under Kikubaaqudgha
 10057 | D:8      | Identified Kikubaaqudgha's Guide on Sinister Rites
                  | (Kikubaaqudgha gifted it to you on level 8 of the Dungeon)
 10057 | D:8      | Received a gift from Kikubaaqudgha
 10112 | D:8      | Noticed a two-headed ogre
 10137 | D:8      | Killed a two-headed ogre
 10227 | D:8      | Noticed a fire dragon
 10238 | D:8      | Killed a fire dragon
 10394 | D:8      | Reached XP level 11. HP: 78/84 MP: 19/19
 10489 | D:8      | Found a staircase to the Lair.
 10979 | Lair:1   | Entered Level 1 of the Lair of Beasts
 11689 | Lair:1   | Reached skill level 9 in Staves
 11763 | Lair:1   | Reached skill level 5 in Conjurations
 11763 | Lair:1   | Reached skill level 5 in Hexes
 11763 | Lair:1   | Reached skill level 5 in Charms
 11763 | Lair:1   | Reached skill level 5 in Summonings
 11763 | Lair:1   | Reached skill level 5 in Necromancy
 11763 | Lair:1   | Reached skill level 5 in Translocations
 11763 | Lair:1   | Reached skill level 5 in Transmutations
 11763 | Lair:1   | Reached skill level 5 in Fire Magic
 11763 | Lair:1   | Reached skill level 5 in Ice Magic
 11763 | Lair:1   | Reached skill level 5 in Air Magic
 11763 | Lair:1   | Reached skill level 5 in Earth Magic
 11763 | Lair:1   | Reached skill level 5 in Poison Magic
 12013 | Lair:1   | Gained mutation: You are partially covered in thin metallic
                  | scales. (AC +2) [potion of mutation]
 12013 | Lair:1   | Gained mutation: You are robust. (+10% HP) [potion of
                  | mutation]
 12013 | Lair:1   | Gained mutation: You are resistant to hostile enchantments.
                  | (MR+) [potion of mutation]
 13387 | Lair:2   | Noticed a death yak
 13456 | Lair:2   | Noticed an eight-headed hydra
 13623 | D:8      | Reached **** piety under Kikubaaqudgha
 14625 | D:9      | Reached XP level 12. HP: 67/102 MP: 15/22
 14814 | D:9      | Found a hazy altar of Hepliaklqana.
 14876 | D:9      | Found a glowing golden altar of the Shining One.
 14876 | D:9      | Found a bloodstained altar of Trog.
 14887 | D:9      | Found a snail-covered altar of Cheibriados.
 15198 | D:10     | Entered Level 10 of the Dungeon
 15287 | D:10     | Found a glowing golden altar of the Shining One.
 16811 | D:11     | Noticed Sonja
 16825 | D:11     | Found a frozen archway.
 16871 | D:11     | Cast into level 2 of the Abyss (Sonja)
 16921 | Abyss:2  | Noticed a naga warrior
 16922 | Abyss:2  | Noticed a hellephant
 16927 | Abyss:2  | Killed from afar by a guardian serpent

Vault maps used:
D:1:      dpeg_arrival_three_bigger_balls, serial_glass, glass_columns_b,
          glass_columns_b, minmay_strange_pillars, minmay_strange_pillars,
          minmay_strange_pillars, hex_tiny
D:2:      cheibrodos_pilgrimage, chequers_ecumenical_altar_simple_redux,
          uniq_terence, uniq_robin, uniq_natasha
D:4:      uniq_pikel, uniq_duvessa, uniq_edmund
D:5:      first_ration, uniq_menkaure, uniq_ijyb
D:7:      minmay_temple_entry_fiery, grunt_ogre_cave, uniq_prince_ribbit1
D:8:      minmay_lair_entry_lava
D:9:      minitemple
D:10:     nicolae_zen_rock_garden, chequers_serial_rivers_room_b,
          lemuel_altar_in_water
D:11:     orc_0_dummy, portal_ice_cave_entry_ice_beasts, st_stairs_10,
          uniq_sonja
Temple:   dpeg_five_rooms_temple
Lair:2:   swamp_mist_pool
Abyss:2:  hangedman_cross_veins, minivault_24

Skill      XL: |  1  2  3  4  5  6  7  8  9 10 11 |
---------------+----------------------------------+-----
Short Blades   | 1 2 3 4 5 6 |  6.9
Long Blades    | 1 2 3 4 5 6 |  6.9
Axes           | 1 2 3 4 5 6 |  6.9
Maces & Flails | 1 2 3 4 5 6 |  6.9
Polearms       | 1 2 3 4 5 6 |  6.9
Slings         | 1 2 3 4 5 6 |  6.9
Bows           | 1 2 3 4 5 6 |  6.9
Crossbows      | 1 2 3 4 5 6 |  6.9
Armour         | 1 2 3 4 5 6 |  6.9
Shields        | 1 2 3 4 5 6 |  6.9
Spellcasting   | 1 2 3 4 5 6 |  6.9
Invocations    | 1 2 3 4 5 6 7 |  7.5
Conjurations   | 1 2 3 4 5 |  5.7
Hexes          | 1 2 3 4 5 |  5.7
Charms         | 1 2 3 4 5 |  5.7
Summonings     | 1 2 3 4 5 |  5.7
Necromancy     | 1 2 3 4 5 |  5.7
Translocations | 1 2 3 4 5 |  5.7
Transmutations | 1 2 3 4 5 |  5.7
Fire Magic     | 1 2 3 4 5 |  5.7
Ice Magic      | 1 2 3 4 5 |  5.7
Air Magic      | 1 2 3 4 5 |  5.7
Earth Magic    | 1 2 3 4 5 |  5.7
Poison Magic   | 1 2 3 4 5 |  5.7
Throwing       | 3 4 5 6 7 |  7.4
Dodging        | 3 4 5 6 7 |  7.4
Unarmed Combat | 3 4 5 6 7 |  7.4
Evocations     | 3 4 5 6 7 |  7.4
Stealth        | 3 4 5 6 7 |  7.3
Fighting       | 5 6 7 8 |  8.4
Staves         | 7 8 9 |  9.6

Action                   |  1- 3 |  4- 6 |  7- 9 | 10-12 || total
-------------------------+-------+-------+-------+-------++-------
Melee: Quarterstaff      |    33 |       |       |       ||    33
       Bite              |    14 |    12 |    40 |    91 ||   157
       Short sword       |    81 |    65 |       |       ||   146
       Trident           |       |   142 |    30 |       ||   172
       Punch             |       |     1 |    10 |    26 ||    37
       Flail             |       |       |   315 |   771 ||  1086
Throw: Stone             |    88 |   130 |   152 |   291 ||   661
 Cast: Animate Skeleton  |       |       |       |    20 ||    20
       Pain              |       |       |       |     6 ||     6
Evoke: Wand              |       |     6 |       |     8 ||    14
  Use: Scroll            |       |       |     9 |     7 ||    16
       Potion            |       |       |       |     7 ||     7
 Stab: Sleeping          |     1 |       |       |       ||     1
       Distracted        |       |       |       |     4 ||     4
  Eat: Chunk             |     2 |     8 |    10 |    26 ||    46
       Ration            |       |       |       |     2 ||     2
Armor: Chain mail        |    74 |   143 |   266 |   688 ||  1171
       Animal skin       |       |       |       |     6 ||     6
       Skin              |       |       |       |     1 ||     1
Dodge: Dodged            |    40 |    65 |   181 |   541 ||   827

Table legend:
 A = Non-vault XP
 B = Vault XP
 C = Vault XP percentage of total XP
 D = Non-vault monster count
 E = Vault monster count
 F = Vault count percentage of total count
                 A         B        C        D         E       F
            +---------+---------+-------+---------+---------+-------
      Total |   17279 |    3344 |  16.2 |     282 |      34 |  10.8
            +---------+---------+-------+---------+---------+-------
        D:1 |      35 |       0 |   0.0 |      24 |       0 |   0.0
        D:2 |     165 |     240 |  59.3 |      35 |      20 |  36.4
        D:3 |     120 |     162 |  57.4 |      19 |       1 |   5.0
        D:4 |     379 |     833 |  68.7 |      12 |       3 |  20.0
        D:5 |    1047 |     210 |  16.7 |      20 |       2 |   9.1
        D:6 |    1269 |       0 |   0.0 |      20 |       0 |   0.0
        D:7 |    1460 |     364 |  20.0 |      31 |       2 |   6.1
        D:8 |    4388 |    1081 |  19.8 |      50 |       1 |   2.0
        D:9 |     661 |       0 |   0.0 |      14 |       0 |   0.0
       D:10 |    1060 |       0 |   0.0 |      18 |       0 |   0.0
       D:11 |     539 |     454 |  45.7 |       5 |       5 |  50.0
     Lair:1 |    5859 |       0 |   0.0 |      32 |       0 |   0.0
     Lair:2 |     297 |       0 |   0.0 |       2 |       0 |   0.0
            +---------+---------+-------+---------+---------+-------
